 Dungeon Crawl Stone Soup version 0.28-a0-1395-g4f6bc678fa (webtiles) character file.

Game seed: 2744241615100585911

193 eustatius the Ducker (level 5, 0/49 HPs)
             Began as a Troll Wanderer on Jan 5, 2022.
             Was a Follower of Trog.
             Slain by Crazy Yiuf (3 damage)
             ... on level 3 of the Dungeon.
             The game lasted 00:08:25 (1770 turns).

eustatius the Ducker (Troll Wanderer)               Turns: 1770, Time: 00:08:27

Health: 0/49       AC:  5    Str: 21    XL:     5   Next: 43%
Magic:  0/6        EV: 10    Int:  7    God:    Trog [*.....]
Gold:   83         SH:  0    Dex: 11    Spells: 5/6 levels left

rFire   . . .      SeeInvis .   a - +2 spear
rCold   . . .      Faith    .   (no shield)
rNeg    . . .      Spirit   .   c - +0 robe
rPois   .          Reflect  .   (helmet restricted)
rElec   .          Harm     .   b - +0 cloak
rCorr   .          Rampage  .   (gloves unavailable)
Will    .....                   (boots unavailable)
Stlth   +.........              (no amulet)
HPRegen 0.96/turn               (no ring)
MPRegen 0.10/turn               (no ring)

@: lethally poisoned (0 -> -3)
A: large, unfitting armour, claws 3, regeneration 1, shaggy fur 1, tough skin 1
a: Renounce Religion, Berserk


You were on level 3 of the Dungeon.
You worshipped Trog.
Trog was aware of your devotion.
You visited 1 branch of the dungeon, and saw 3 of its levels.

You collected 83 gold pieces.

Inventory:

Hand Weapons
 a - a +2 spear (weapon)
 i - a +2 short sword of holy wrath
 j - a +2 dagger of distortion
Missiles
 h - 125 stones
 m - 17 bolts
Armour
 b - a +0 cloak (worn)
 c - a +0 robe (worn)
 l - a +0 scale mail of poison resistance
Wands
 k - a wand of mindburst (14) (quivered)
Scrolls
 d - a scroll of acquirement {unknown}
 f - 2 scrolls of identify {unknown}
 g - a scroll of amnesia {unknown}
 n - a scroll of vulnerability {unknown}
Potions
 e - a potion of cancellation {unknown}


   Skills:
 + Level 1.8 Fighting
 + Level 3.1 Polearms
 + Level 3.2 Dodging
 + Level 0.4 Stealth
 - Level 1.4 Spellcasting
 - Level 1.0 Necromancy
 + Level 1.2 Invocations


You had 5 spell levels left.
You knew the following spells:

 Your Spells              Type           Power      Damage    Failure   Level
a - Animate Skeleton      Necr           2%         N/A       26%         1

Your spell library contained the following spells:

 Spells                   Type           Power      Damage    Failure   Level
 Pain                     Necr           4%         1d4       26%         1
 Magic Dart               Conj           0%         1d3       38%         1
 Call Imp                 Summ           0%         N/A       52%         2
 Vampiric Draining        Necr           1%         2d6       63%         3
 Mephitic Cloud           Conj/Pois/Air  0%         N/A       77%         3


Dungeon Overview and Level Annotations

Branches:
Dungeon (3/15)

Altars:
Trog

Annotations:
D:3 Crazy Yiuf


Innate Abilities, Weirdness & Mutations

You are too large for most types of armour.
You have claws for hands.
Your natural rate of healing is unusually fast.
You are covered in fur. (AC +1)
You have tough skin. (AC +1)


Message History

Crazy Yiuf cries, "Citrus tired light!"
You see here a +0 mace.
You see here a +0 mace.
Found three maces.
You see here a +0 mace.
You open the door.
Crazy Yiuf says, "Citrus ladder pontify!"
Crazy Yiuf hits you with a +4 quarterstaff of chaos!
You feel your power leaking away.
There is an open translucent door, spattered with blood here.
You hit Crazy Yiuf.
Crazy Yiuf is lightly wounded.
Crazy Yiuf whimpers, "Island unthinkable song!"
Crazy Yiuf closely misses you.
You hit Crazy Yiuf.
Crazy Yiuf is moderately wounded.
Crazy Yiuf cries, "Goober poople song!"
Crazy Yiuf barely misses you.
You barely miss Crazy Yiuf.
Crazy Yiuf is moderately wounded.
Crazy Yiuf hits you with a +4 quarterstaff of chaos.
You hit Crazy Yiuf.
Crazy Yiuf is moderately wounded.
Crazy Yiuf cries, "You leg down broken song, no?"
Crazy Yiuf hits you with a +4 quarterstaff of chaos!
You hit Crazy Yiuf.
Crazy Yiuf is heavily wounded.
Crazy Yiuf closely misses you.
You hit Crazy Yiuf but do no damage.
Crazy Yiuf is heavily wounded.
Crazy Yiuf hits you with a +4 quarterstaff of chaos!
You are poisoned.
You hit Crazy Yiuf.
Crazy Yiuf is severely wounded.
You feel very sick.
Crazy Yiuf whimpers, "Cake broken hand!"
Crazy Yiuf hits you with a +4 quarterstaff of chaos!
* * * LOW HITPOINT WARNING * * *
Crazy Yiuf freezes you.
You die...

...####.#.....#.......#
.....#
.######.......#.##....#
....
..........#...........#
.###...################
.##....# #...##########
....##..#.)#)### ####
...........)#))##)))#
#.###......####)@g).#
........#.## ###)))#
#####..#### #### ..#
##.# ..# #.# ...# #.#
..## #.. ..# ### ###


You could see Crazy Yiuf.

Vanquished Creatures
  Jessica (D:2)
  Terence (D:2)
  Robin (D:2)
  4 adders
  5 worms
  A dart slug (D:2)
  An orc (D:3)
  6 endoplasms
  A giant cockroach (D:1)
  16 goblins
  7 hobgoblins
  6 jackals (D:2)
  7 kobolds
  3 quokkas
  2 ball pythons (D:3)
  5 bats
  4 frilled lizards
  3 rats
74 creatures vanquished.

Vanquished Creatures (others)
  2 plants (D:2)
2 creatures vanquished.

Grand Total: 76 creatures vanquished

Notes
Turn   | Place    | Note
-------+----------+-------------------------------------------
     0 | D:1      | eustatius the Troll Wanderer began the quest for the Orb.
     0 | D:1      | eustatius set off with the following items: a +2 spear, a
                  | +0 cloak, a +0 robe; and the following spell memorised:
                  | Animate Skeleton; and the following spells available to
                  | memorise: Vampiric Draining
     0 | D:1      | Reached XP level 1. HP: 19/19 MP: 1/1
   121 | D:1      | Reached XP level 2. HP: 27/27 MP: 3/3
   440 | D:2      | Reached XP level 3. HP: 33/33 MP: 4/4
   557 | D:2      | Noticed Robin
   587 | D:2      | Killed Robin
   648 | D:2      | Reached XP level 4. HP: 41/41 MP: 5/5
   928 | D:2      | Noticed Jessica
   974 | D:2      | Killed Jessica
  1014 | D:2      | Found a faded altar of an unknown god.
  1065 | D:2      | Got Plato's Handbook of Unholy Rites
  1068 | D:2      | Prayed at the altar of an unknown god.
  1068 | D:2      | Became a worshipper of Trog the Wrathful
  1068 | D:2      | Reached * piety under Trog
  1195 | D:2      | Noticed Terence
  1216 | D:2      | Killed Terence
  1217 | D:2      | Reached XP level 5. HP: 26/49 MP: 6/6
  1758 | D:3      | Found a runed translucent door.
  1759 | D:3      | Noticed Crazy Yiuf
  1770 | D:3      | Slain by Crazy Yiuf

Illustrated notes

Levels and vault maps discovered:
D:1:      amcnicky_arrival_wind_blow, layout_basic, minmay_box_of_dots
D:2:      layout_loops_corners, shapermc_ecumenical_altar_rom_forum,
          uniq_terence, uniq_jessica, uniq_robin
D:3:      layout_rooms, nicolae_qazlal_scattered_showers,
          uniq_crazy_yiuf_cottage

Skill      XL: |  1  2  3  4 |
---------------+-------------+-----
Dodging        | 2 3 |  3.2
Polearms       | 2 3 |  3.1
Fighting       | |  1.8
Stealth        | |  0.4
Spellcasting   | |  1.4
Necromancy     | |  1.0
Invocations    | |  1.2

Action                   |  1- 3 |  4- 6 || total
-------------------------+-------+-------++-------
Melee: Spear             |   126 |   161 ||   287
       Short sword       |       |     6 ||     6
 Cast: Animate Skeleton  |     1 |       ||     1
 Stab: Sleeping          |     1 |     1 ||     2
Armor: Robe              |    57 |   111 ||   168
Dodge: Dodged            |    91 |   146 ||   237

Table legend: (Time is in decaauts)
 A = Elapsed time spent in this place.
 B = Non-inter-level travel time spent in this place.
 C = Inter-level travel time spent in this place.
 D = Time resting spent in this place.
 E = Time spent auto-exploring this place.
 F = Levels seen in this place.
 G = Mean time per level.
                   A        B        C        D        E       F      G
               +--------+--------+--------+--------+--------+-----+--------+
         Total |   1762 |   1369 |    393 |      0 |    461 |   3 |  587.3 |
       Dungeon |   1762 |   1369 |    393 |      0 |    461 |   3 |  587.3 |
               +--------+--------+--------+--------+--------+-----+--------+

Top non-repeatable levels by time:
     D:2: 1106 daAuts
     D:1: 368 daAuts
     D:3: 286 daAuts
